cohdb
Replays
Latest Replays
All Replays
Popular Replays
Top Player Replays
Match Explorer
How It Works
Community
CoH3 Stats
Reddit
Sign in to upload your games and track your stats! →
Sign in with Steam
Match 42536894
Unlisted
Match 42536894
Overview
Messages
Build Orders
End
Selects Terror Battlegroup
Construct Infanterie Kompanie
Grenadier Squad
MG 42 Machine Gun Team
Grenadier Squad
Medical Station
Selects Machine Gun Camouflage
GrW 34 Mortar Team
Construct Luftwaffe Kompanie
Jäger Squad
Jäger Squad
Support Elements
Wirbelwind Flakpanzer
Wirbelwind Flakpanzer
Selects Interrogate
Selects Propaganda Leaflet Drop
Construct Panzergrenadier Kompanie
Nebelwerfer 42 Rocket Launcher Team
Pak 40 Anti-tank Gun Team
Luftwaffe Officer Quarters
Propaganda Leaflet Drop
LwD-ClevelanD
freetime00
xiaotiaocn
The Major General
ßoo
silial
0
0
Comments
sign in to comment!
No comments posted yet!